[Event "Tuesday 10 April, Rapid Engine Tour 13+2 Rounds 7, starts 16.00 ST"]
[Site "Infinity Chess"]
[Date "2018.4.10"]
[Round "2"]
[White "Longin"]
[Black "Harry_Potter"]
[Result "1/2-1/2"]
[ECO "C50"]
[WhiteElo "2437"]
[BlackElo "2489"]
[WhiteEngine "BrainFish_180404_x64_modern_CTG"]
[BlackEngine "Stockfish_x64_bmi2_CTG"]
[EventType "Swiss"]
[WhiteTeam ""]
[BlackTeam ""]
[PlyCount "135"]
[TimeControl "780+2"]

1. e4 e5 2. Nf3 Nc6 3. Bc4 Bc5 4. O-O Nf6 5. d3 d6 6. c3 O-O 7. Re1 Bb6 
8. b4 Ne7 9. Nbd2 Ng6 10. Bb3 c6 11. h3 Bc7 12. d4 h6 13. a4 Re8 14. Bc2 a5 
15. b5 Bd7 16. bxc6 bxc6 17. Nf1 Rb8 18. Ng3 Be6 19. Bd2 Qe7 20. Rb1 Rxb1 
21. Qxb1 Rb8 22. Qd1 Qd7 23. Qc1 Qc8 24. Nf5 Qd8 25. Be3 Rb7 26. Qd1 Qd7 
27. Ng3 Rb8 28. Bc1 Kh8 29. Qe2 Kg8 30. c4 Qc8 31. Nf5 Qa6 32. Ne3 Re8 
33. Qf1 Bb6 34. c5 Qxf1+ 35. Kxf1 dxc5 36. dxe5 Nd7 37. Bd2 Ndxe5 38. Nxe5 Nxe5 
39. Rb1 Nd7 40. Bc3 Kf8 41. Ke2 c4 42. f4 f6 43. g4 Ra8 44. Rd1 Ke7 
45. Nf5+ Bxf5 46. gxf5 Bc5 47. Rb1 Ra7 48. h4 h5 49. Bd2 Kd6 50. Bc3 Bb4 
51. Bd4 Rb7 52. Rd1 Ke7 53. e5 Nb6 54. Rg1 Kf8 55. exf6 gxf6 56. Bxf6 Nd5 
57. Be5 Bc3 58. Kf3 Rb2 59. Rc1 Bxe5 60. fxe5 Rb4 61. f6 c3 62. Be4 Rc4 
63. Rg1 c2 64. Rc1 Rc3+ 65. Kf2 Rc4 66. Kf3 Rc3+ 67. Kf2 Rc4 68. Kf3 1/2-1/2

[Event "Tuesday 10 April, Rapid Engine Tour 13+2 Rounds 7, starts 16.00 ST"]
[Site "Infinity Chess"]
[Date "2018.4.10"]
[Round "2"]
[White "star99"]
[Black "ivrdurant"]
[Result "1/2-1/2"]
[ECO "C77"]
[WhiteElo "2442"]
[BlackElo "2428"]
[WhiteEngine "Cryptic Heroes 9.3B"]
[BlackEngine "Raubfisch ME262_GTZ16d4_CTG"]
[EventType "Swiss"]
[WhiteTeam ""]
[BlackTeam ""]
[PlyCount "118"]
[TimeControl "780+2"]

1. e4 e5 2. Nf3 Nc6 3. Bb5 a6 4. Ba4 Nf6 5. O-O Be7 6. Re1 b5 7. Bb3 d6 
8. c3 O-O 9. h3 Nb8 10. d4 Nbd7 11. a4 Bb7 12. Bc2 Re8 13. Nbd2 Bf8 14. b4 Nb6 
15. axb5 axb5 16. Rxa8 Qxa8 17. dxe5 dxe5 18. Bd3 Qa4 19. Qxa4 bxa4 20. Nb1 Rc8 
21. Na3 c5 22. b5 c4 23. Bb1 Bd6 24. Nd2 Rc7 25. Ba2 Bc5 26. g4 h6 27. Kg2 Bc8 
28. Naxc4 Nxc4 29. Bxc4 Bd7 30. Bb2 a3 31. Ba1 Ne8 32. Rb1 Nd6 33. Bd5 Bxb5 
34. c4 Bc6 35. Bxe5 Bxd5 36. exd5 Ra7 37. Ra1 a2 38. Nb3 Nxc4 39. Bb8 Rb7 
40. Nxc5 Rxb8 41. Rxa2 Rd8 42. Ne4 Rxd5 43. Ra8+ Kh7 44. Ra7 Kg8 45. f3 f5 
46. gxf5 Rxf5 47. Kg3 g5 48. Kg4 Rf4+ 49. Kh5 Rh4+ 50. Kg6 Ne5+ 51. Kf6 Nxf3 
52. Rg7+ Kh8 53. Re7 Rf4+ 54. Kg6 Nh4+ 55. Kxh6 Nf5+ 56. Kxg5 Nxe7 57. Kxf4 Nd5+ 
58. Kg5 Ne3 59. Nf6 Nc4 1/2-1/2

[Event "Tuesday 10 April, Rapid Engine Tour 13+2 Rounds 7, starts 16.00 ST"]
[Site "Infinity Chess"]
[Date "2018.4.10"]
[Round "2"]
[White "Time_bandit"]
[Black "Deep_Impact"]
[Result "1/2-1/2"]
[ECO "B12"]
[WhiteElo "2444"]
[BlackElo "2443"]
[WhiteEngine "asmFishW_2018-02-02_popcnt"]
[BlackEngine "asmFishW_2018-04-07_bmi2"]
[EventType "Swiss"]
[WhiteTeam ""]
[BlackTeam ""]
[PlyCount "98"]
[TimeControl "780+2"]

1. e4 c6 2. d4 d5 3. e5 Bf5 4. Nf3 e6 5. Be2 Nd7 6. O-O Ne7 7. c3 h6 8. Nbd2 a5 
9. a4 Bg6 10. Nb3 Nf5 11. g3 b6 12. Ne1 Rc8 13. Ng2 Be7 14. f4 h5 15. Ne3 Nxe3 
16. Bxe3 Kf8 17. Rc1 Nb8 18. h3 Kg8 19. Rf2 Qd7 20. Bf3 Na6 21. Qe2 Nc7 
22. Rcf1 Rb8 23. Rh2 Rf8 24. Qd1 Rh7 25. Rff2 Qe8 26. Be2 f6 27. Nd2 c5 
28. dxc5 bxc5 29. Nb3 d4 30. cxd4 Nd5 31. Qc1 Be4 32. exf6 gxf6 33. Bb5 Qg6 
34. Nxc5 Bxc5 35. dxc5 Rg7 36. Rhg2 Bxg2 37. Rxg2 Qe4 38. Bd2 Rc8 39. h4 Qd4+ 
40. Kh2 Rxc5 41. Qe1 e5 42. fxe5 Rc2 43. exf6 Nxf6 44. Qe6+ Rf7 45. Be8 Ng4+ 
46. Kh3 Nf2+ 47. Kh2 Ng4+ 48. Kh3 Nf2+ 49. Kh2 Ng4+ 1/2-1/2

[Event "Tuesday 10 April, Rapid Engine Tour 13+2 Rounds 7, starts 16.00 ST"]
[Site "Infinity Chess"]
[Date "2018.4.10"]
[Round "2"]
[White "hafaba"]
[Black "RonWeasley"]
[Result "1/2-1/2"]
[ECO "C11"]
[WhiteElo "2449"]
[BlackElo "2457"]
[WhiteEngine "Eman 1.70-beta18 64-bit POPCNT_CTG"]
[BlackEngine "BrainFish 090218_CTG"]
[EventType "Swiss"]
[WhiteTeam ""]
[BlackTeam ""]
[PlyCount "121"]
[TimeControl "780+2"]

1. e4 e6 2. d4 d5 3. Nc3 Nf6 4. e5 Nfd7 5. f4 c5 6. Nf3 Nc6 7. Be3 cxd4 
8. Nxd4 Qb6 9. Qd2 Qxb2 10. Rb1 Qa3 11. Bb5 Nxd4 12. Bxd4 a6 13. Bxd7+ Bxd7 
14. Rb3 Qe7 15. Rxb7 Rc8 16. O-O Qd8 17. f5 exf5 18. Qd3 Bc5 19. Bxc5 Rxc5 
20. Nxd5 Bc8 21. Re7+ Kf8 22. Qa3 Qa5 23. Qxa5 Rxa5 24. Rc7 Be6 25. Nf4 Rxe5 
26. Nxe6+ Rxe6 27. Rxf5 Re7 28. Rc8+ Re8 29. Rfc5 Ke7 30. R8c6 g6 31. Rxa6 Rc8 
32. Re5+ Kf8 33. Re2 Kg7 34. Kf2 Rhd8 35. Ra4 Rd1 36. Ra7 Rc1 37. a3 R8xc2 
38. Rxc2 Rxc2+ 39. Kf3 Rc3+ 40. Ke2 h5 41. a4 h4 42. Kf2 g5 43. a5 g4 
44. a6 Rc2+ 45. Kf1 Rc1+ 46. Kf2 Rc2+ 47. Kg1 Ra2 48. Ra8 Ra1+ 49. Kf2 Ra2+ 
50. Ke3 Rxg2 51. Kf4 g3 52. hxg3 h3 53. a7 Ra2 54. Rc8 Rxa7 55. Rc2 Ra6 
56. Kf3 Rf6+ 57. Kg4 h2 58. Rxh2 Rg6+ 59. Kf3 f6 60. g4 Rg5 61. Kf4 1/2-1/2

[Event "Tuesday 10 April, Rapid Engine Tour 13+2 Rounds 7, starts 16.00 ST"]
[Site "Infinity Chess"]
[Date "2018.4.10"]
[Round "2"]
[White "Murx"]
[Black "SkyPilot"]
[Result "1/2-1/2"]
[ECO "E61"]
[WhiteElo "2463"]
[BlackElo "2465"]
[WhiteEngine "asmFishW_2018-04-07_popcnt"]
[BlackEngine "stockfish_x64_bmi2_2018_04_07_CTG"]
[EventType "Swiss"]
[WhiteTeam ""]
[BlackTeam ""]
[PlyCount "119"]
[TimeControl "780+2"]

1. d4 Nf6 2. c4 g6 3. Nc3 d6 4. Nf3 Bg7 5. e4 O-O 6. Be2 e5 7. O-O Nc6 8. d5 Ne7 
9. Ne1 Nd7 10. f3 f5 11. Be3 f4 12. Bf2 g5 13. b4 Nf6 14. c5 Ng6 15. a4 a6 
16. Rb1 h5 17. b5 g4 18. b6 g3 19. hxg3 fxg3 20. Bxg3 h4 21. Bf2 Nh5 
22. bxc7 Qxc7 23. Rb6 Rf6 24. f4 Nhxf4 25. Bc4 Bh6 26. Kh1 Qd7 27. Bg1 Nf8 
28. Bh2 Qg7 29. c6 Bg4 30. Rxb7 Qg6 31. Qc2 Nh5 32. Rxf6 Qxf6 33. Qd3 Ng6 
34. c7 Rf8 35. Rb8 Qg7 36. Rxf8+ Nxf8 37. Nd1 Qxc7 38. Nf2 Bd7 39. Bxe5 Ng6 
40. Bd4 Ng3+ 41. Kh2 Bf4 42. Nf3 Nf5+ 43. Kh1 Nxd4 44. Qxd4 Ne5 45. Bxa6 Qc2 
46. Qb6 Kf7 47. Nxe5+ Bxe5 48. Bf1 Bg3 49. Qd8 Bc8 50. e5 Qxf2 51. e6+ Kg7 
52. Qg5+ Kh8 53. Qh6+ Kg8 54. Qg6+ Kh8 55. Qh6+ Kg8 56. Qg6+ Kh8 57. Qh5+ Kg7 
58. Qg5+ Kh8 59. Qh5+ Kg7 60. Qg5+ 1/2-1/2

[Event "Tuesday 10 April, Rapid Engine Tour 13+2 Rounds 7, starts 16.00 ST"]
[Site "Infinity Chess"]
[Date "2018.4.10"]
[Round "2"]
[White "HerzsjeMZ"]
[Black "Thinker"]
[Result "1/2-1/2"]
[ECO "C50"]
[WhiteElo "2463"]
[BlackElo "2463"]
[WhiteEngine "BrainFish_180408_x64_modern"]
[BlackEngine "BrainFish_180408_x64_modern_CTG"]
[EventType "Swiss"]
[WhiteTeam ""]
[BlackTeam ""]
[PlyCount "67"]
[TimeControl "780+2"]

1. e4 e5 2. Nf3 Nc6 3. Bc4 Bc5 4. O-O Nf6 5. d3 O-O 6. c3 d6 7. Nbd2 a5 
8. Re1 h6 9. Nf1 Be6 10. Bb5 Ne7 11. h3 c6 12. Ba4 b5 13. Bc2 a4 14. d4 exd4 
15. cxd4 Bb4 16. Re2 Nh5 17. Nh4 Nc8 18. Nf3 Ne7 19. a3 Ba5 20. Bd2 Bb6 
21. Re1 Ng6 22. Rc1 c5 23. d5 Bc8 24. e5 Nhf4 25. Ng3 c4 26. Bxf4 Nxf4 
27. Qd2 g5 28. exd6 Ra6 29. Qb4 Bd7 30. Re5 Ba5 31. Qc5 Bb6 32. Qb4 Ba5 
33. Qc5 Bb6 34. Qb4 1/2-1/2

[Event "Tuesday 10 April, Rapid Engine Tour 13+2 Rounds 7, starts 16.00 ST"]
[Site "Infinity Chess"]
[Date "2018.4.10"]
[Round "2"]
[White "MCDermont"]
[Black "Marsell"]
[Result "1/2-1/2"]
[ECO "C55"]
[WhiteElo "2471"]
[BlackElo "2463"]
[WhiteEngine "BrainFish 090218"]
[BlackEngine "BrainFish_180408_x64_bmi2"]
[EventType "Swiss"]
[WhiteTeam ""]
[BlackTeam ""]
[PlyCount "159"]
[TimeControl "780+2"]

1. e4 e5 2. Nf3 Nc6 3. Bc4 Nf6 4. d3 Bc5 5. c3 d6 6. O-O O-O 7. Nbd2 a6 
8. a4 Ne7 9. Re1 Ng6 10. Nf1 c6 11. h3 Ba7 12. Ba2 d5 13. exd5 Nxd5 14. d4 exd4 
15. Nxd4 Ndf4 16. Bxf4 Nxf4 17. Re4 Qf6 18. Ng3 c5 19. Nde2 Ng6 20. Nh5 Qb6 
21. Bd5 Bf5 22. Re3 Rae8 23. Rxe8 Rxe8 24. Neg3 c4 25. Qf3 Be6 26. Bxe6 fxe6 
27. Ne4 Qxb2 28. Qd1 Qb6 29. Qd7 Re7 30. Qc8+ Nf8 31. Qxc4 Rf7 32. Nhg3 Qd8 
33. Rb1 Qd5 34. Qe2 Qc6 35. Qg4 h6 36. Rb2 Nd7 37. Rd2 Bb6 38. Qd1 Ne5 
39. Rd6 Rd7 40. Rxd7 Nxd7 41. Qh5 Kf8 42. Qf3+ Nf6 43. Qe2 Ne8 44. Qc2 Ke7 
45. c4 Kd7 46. Nf1 Kc8 47. Nfd2 Kb8 48. Qb2 Ba5 49. Qa1 Bc7 50. g3 Nd6 
51. Nxd6 Qxd6 52. Qb2 Ba5 53. Nf1 e5 54. Ne3 Bb6 55. Nf5 Qc7 56. h4 Ka7 
57. Qe2 Qc6 58. Qxe5 Qxc4 59. a5 Qc1+ 60. Kg2 Qc6+ 61. f3 Bc7 62. Qd4+ Kb8 
63. Ne7 Qb5 64. Qxg7 Qe2+ 65. Kh3 Bd8 66. Ng6 Qxf3 67. Nf4 Qh1+ 68. Kg4 Bxa5 
69. Qxh6 Qd1+ 70. Kh3 Qh1+ 71. Kg4 Qd1+ 72. Kh3 Bd8 73. Qe6 a5 74. h5 a4 
75. h6 a3 76. Qg8 Qh1+ 77. Kg4 Qd1+ 78. Kh3 Qh1+ 79. Kg4 Qd1+ 80. Kh3 1/2-1/2

[Event "Tuesday 10 April, Rapid Engine Tour 13+2 Rounds 7, starts 16.00 ST"]
[Site "Infinity Chess"]
[Date "2018.4.10"]
[Round "2"]
[White "MarioDeMonti"]
[Black "Katzenmaier"]
[Result "0-1"]
[ECO "C55"]
[WhiteElo "2515"]
[BlackElo "2487"]
[WhiteEngine "stockfish_x64_bmi2_2018_02_18_CTG"]
[BlackEngine "Raubfisch X38"]
[EventType "Swiss"]
[WhiteTeam ""]
[BlackTeam ""]
[PlyCount "174"]
[TimeControl "780+2"]

1. e4 e5 2. Nf3 Nc6 3. Bc4 Nf6 4. d3 Bc5 5. c3 d6 6. O-O O-O 7. Nbd2 a5 
8. h3 Be6 9. Bb5 h6 10. Re1 Qb8 11. Nf1 Qa7 12. Ne3 a4 13. Bxc6 bxc6 14. Nh4 Kh7 
15. Qf3 Bxe3 16. Bxe3 Qb7 17. Nf5 Ng8 18. d4 g6 19. dxe5 dxe5 20. Bc1 gxf5 
21. exf5 Bc8 22. Rxe5 c5 23. Qxb7 Bxb7 24. Rxc5 Nf6 25. Rxc7 Be4 26. g4 h5 
27. Bg5 Kg7 28. Rd1 Rad8 29. Re1 Rfe8 30. gxh5 Bxf5 31. Rxe8 Rxe8 32. Rc5 Bxh3 
33. h6+ Kg6 34. Be3 Bf5 35. b4 Be6 36. Ra5 Kh7 37. Bd4 Rg8+ 38. Kh2 Ng4+ 
39. Kg3 Ne5+ 40. Kf4 Nd3+ 41. Kf3 Nb2 42. c4 Nxc4 43. Rxa4 Kxh6 44. b5 Rd8 
45. Bc5 Kg6 46. Ke4 f6 47. b6 Bd5+ 48. Kf4 Rh8 49. Kg3 Kf5 50. f3 Rc8 
51. Bd4 Ke6 52. Kf2 Nd6 53. Ke2 Rc2+ 54. Kd3 Rh2 55. Bc5 Nb7 56. Be3 Bxf3 
57. a3 f5 58. Rd4 Be4+ 59. Kc3 Rc2+ 60. Kb4 Nd6 61. a4 Rb2+ 62. Ka5 Bd5 
63. Ka6 Bc4+ 64. Ka7 Nc8+ 65. Kb8 Nxb6 66. Bg5 Ke5 67. Rh4 Nd5+ 68. Ka7 f4 
69. Rh5 Ke4 70. Rh4 Ra2 71. Kb8 Rxa4 72. Rh2 Ra2 73. Rh1 f3 74. Rh4+ Kf5 
75. Rxc4 f2 76. Rc8 Ra8+ 77. Kxa8 Nb6+ 78. Kb8 Nxc8 79. Kxc8 Kxg5 80. Kb7 f1=Q 
81. Kb6 Qc4 82. Ka5 Kf5 83. Kb6 Ke6 84. Ka5 Kd7 85. Kb6 Qb4+ 86. Ka7 Kc6 
87. Ka6 Qb6# 0-1

[Event "Tuesday 10 April, Rapid Engine Tour 13+2 Rounds 7, starts 16.00 ST"]
[Site "Infinity Chess"]
[Date "2018.4.10"]
[Round "2"]
[White "localhero"]
[Black "xeonrocks"]
[Result "1/2-1/2 "]
[ECO "C77"]
[WhiteElo "2407"]
[BlackElo "2562"]
[WhiteEngine "asmFishW_2017-10-04_popcnt"]
[BlackEngine "Stockfish_20180407_x64_bmi2_CTG"]
[EventType "Swiss"]
[WhiteTeam ""]
[BlackTeam ""]
[PlyCount "109"]
[TimeControl "780+2"]

1. e4 e5 2. Nf3 Nc6 3. Bb5 a6 4. Ba4 Nf6 5. O-O Be7 6. Re1 b5 7. Bb3 O-O 
8. c3 d5 9. exd5 Nxd5 10. Nxe5 Nxe5 11. Rxe5 c6 12. d4 Bd6 13. Re1 Qh4 
14. g3 Qh3 15. Be3 Be6 16. Qf3 a5 17. Qg2 Qxg2+ 18. Kxg2 Rfe8 19. Bd1 a4 
20. Bf3 a3 21. b3 Bd7 22. Bd2 Rxe1 23. Bxe1 Bf5 24. Nd2 Nxc3 25. Nf1 Nd5 
26. Ne3 Be6 27. Rc1 Ne7 28. Nc2 g5 29. Nb4 Rc8 30. h3 f6 31. Bd2 Kf7 32. Kh2 c5 
33. dxc5 Rxc5 34. Rxc5 Bxc5 35. Kg2 Nf5 36. Bh5+ Ke7 37. Nc2 Nd6 38. Be1 Bf5 
39. Bd1 Be4+ 40. Kg1 Bf5 41. Kg2 Be4+ 42. Kg1 Bf5 43. Kh2 Bxc2 44. Bxc2 f5 
45. b4 Bd4 46. g4 Kf6 47. Kg3 Ne4+ 48. Kg2 Ke5 49. gxf5 Bc3 50. Bxe4 Bxe1 
51. Bd3 Bxb4 52. Bxb5 h5 53. Bd7 Bc5 54. Kg3 Kf6 55. h4 1/2-1/2

[Event "Tuesday 10 April, Rapid Engine Tour 13+2 Rounds 7, starts 16.00 ST"]
[Site "Infinity Chess"]
[Date "2018.4.10"]
[Round "2"]
[White "Mr Aj"]
[Black "CrapCleaner"]
[Result "1/2-1/2"]
[ECO "C50"]
[WhiteElo "2474"]
[BlackElo "2491"]
[WhiteEngine "Houdini 6"]
[BlackEngine "Raubfisch X38a._CTG"]
[EventType "Swiss"]
[WhiteTeam ""]
[BlackTeam ""]
[PlyCount "57"]
[TimeControl "780+2"]

1. e4 e5 2. Nf3 Nc6 3. Bc4 Bc5 4. O-O Nf6 5. d3 d6 6. c3 O-O 7. h3 a5 8. Nbd2 h6 
9. Re1 Be6 10. a4 Ba7 11. b3 d5 12. Bb5 Ne7 13. exd5 Nfxd5 14. Qc2 Ng6 15. d4 c6 
16. Bc4 Ngf4 17. dxe5 Bxh3 18. gxh3 Qd7 19. e6 fxe6 20. Bf1 Qf7 21. Ba3 Qh5 
22. Bxf8 Rxf8 23. c4 Nxh3+ 24. Bxh3 Qxh3 25. cxd5 Qg3+ 26. Kh1 Qh3+ 27. Kg1 Qg3+ 
28. Kh1 Qh3+ 29. Kg1 1/2-1/2

[Event "Tuesday 10 April, Rapid Engine Tour 13+2 Rounds 7, starts 16.00 ST"]
[Site "Infinity Chess"]
[Date "2018.4.10"]
[Round "1"]
[White "ivrdurant"]
[Black "Murx"]
[Result "1/2-1/2"]
[ECO "B12"]
[WhiteElo "2427"]
[BlackElo "2464"]
[WhiteEngine "Raubfisch ME262_GTZ16d4_CTG"]
[BlackEngine "asmFishW_2018-04-07_popcnt"]
[EventType "Swiss"]
[WhiteTeam ""]
[BlackTeam ""]
[PlyCount "121"]
[TimeControl "780+2"]

1. e4 c6 2. d4 d5 3. Nd2 dxe4 4. Nxe4 Bf5 5. Ng3 Bg6 6. Bc4 e6 7. Nf3 Nf6 
8. h4 h6 9. Ne5 Bh7 10. Qe2 Nd5 11. Qf3 Qe7 12. Bd3 Bxd3 13. Nxd3 Qf6 
14. Qg4 Qd8 15. Nh5 g6 16. Ng3 Nf6 17. Qf3 Be7 18. b3 h5 19. c3 Qd5 20. Qe2 Qa5 
21. b4 Qd8 22. O-O O-O 23. a4 a5 24. b5 cxb5 25. axb5 Nbd7 26. c4 Ng4 
27. f3 Ngf6 28. Bh6 Re8 29. Ne4 a4 30. Qf2 a3 31. c5 Nd5 32. Bg5 Qa5 
33. Bxe7 Rxe7 34. b6 Qb5 35. Rfd1 Kg7 36. Kh1 Ra4 37. Kh2 Qa5 38. Nd6 N7xb6 
39. cxb6 Qxb6 40. Ne4 Qxd4 41. Qxd4+ Rxd4 42. Rxa3 f5 43. Nef2 Rxh4+ 44. Kg1 Rd4 
45. Ra8 e5 46. Rd8 Nc3 47. Rxd4 exd4 48. Ra1 Ne2+ 49. Kh2 g5 50. Nb4 g4 
51. Nfd3 Re3 52. Rd1 gxf3 53. Nd5 fxg2 54. Nxe3 g1=Q+ 55. Rxg1+ Nxg1 
56. Nxf5+ Kf6 57. Nxd4 Kg5 58. Kxg1 b5 59. Kh2 h4 60. Nc1 b4 61. Na2 1/2-1/2

[Event "Tuesday 10 April, Rapid Engine Tour 13+2 Rounds 7, starts 16.00 ST"]
[Site "Infinity Chess"]
[Date "2018.4.10"]
[Round "1"]
[White "Thinker"]
[Black "star99"]
[Result "1/2-1/2"]
[ECO "B53"]
[WhiteElo "2464"]
[BlackElo "2441"]
[WhiteEngine "BrainFish_180408_x64_modern_CTG"]
[BlackEngine "Cryptic Heroes 9.3B"]
[EventType "Swiss"]
[WhiteTeam ""]
[BlackTeam ""]
[PlyCount "74"]
[TimeControl "780+2"]

1. e4 c5 2. Nf3 d6 3. d4 Nf6 4. Nc3 cxd4 5. Nxd4 a6 6. Be3 e5 7. Nb3 Be6 
8. h3 Be7 9. f4 exf4 10. Bxf4 O-O 11. Qf3 d5 12. O-O-O dxe4 13. Nxe4 Qb6 
14. Be3 Qc7 15. Nec5 Bxc5 16. Nxc5 Nbd7 17. Nxe6 fxe6 18. Qf4 Ne5 19. Kb1 Nd5 
20. Qe4 Nf6 21. Qh4 Qc6 22. Rg1 Rfd8 23. Rxd8+ Rxd8 24. Be2 Rc8 25. c3 Nc4 
26. Qxc4 Qxc4 27. Bxc4 Rxc4 28. Re1 Kf7 29. Bd4 Rc8 30. Kc2 Nd7 31. Re4 h5 
32. Re3 g6 33. b3 Re8 34. Rf3+ Ke7 35. Re3 Kf7 36. Rf3+ Ke7 37. Re3 Kf7 1/2-1/2

[Event "Tuesday 10 April, Rapid Engine Tour 13+2 Rounds 7, starts 16.00 ST"]
[Site "Infinity Chess"]
[Date "2018.4.10"]
[Round "1"]
[White "Deep_Impact"]
[Black "HerzsjeMZ"]
[Result "1/2-1/2"]
[ECO "D31"]
[WhiteElo "2442"]
[BlackElo "2464"]
[WhiteEngine "asmFishW_2018-04-07_bmi2"]
[BlackEngine "BrainFish_180408_x64_modern"]
[EventType "Swiss"]
[WhiteTeam ""]
[BlackTeam ""]
[PlyCount "163"]
[TimeControl "780+2"]

1. d4 d5 2. c4 e6 3. Nc3 c6 4. e4 dxe4 5. Nxe4 Bb4+ 6. Bd2 Qxd4 7. Bxb4 Qxe4+ 
8. Be2 Na6 9. Ba5 b6 10. Qd6 Bd7 11. Bc3 f6 12. Nf3 Nh6 13. Rd1 Rd8 14. Qa3 Bc8 
15. Nd2 Qf4 16. Bh5+ Nf7 17. O-O c5 18. Qa4+ Ke7 19. Rfe1 Ng5 20. Re3 Rd6 
21. Rde1 Rhd8 22. Nf3 Kf8 23. a3 Nf7 24. h3 Rd3 25. Rxd3 Rxd3 26. Be5 fxe5 
27. Bxf7 Nc7 28. Bg6 Rxf3 29. Qxa7 Qd2 30. Rf1 Rb3 31. Qxc7 Qd7 32. Qxd7 Bxd7 
33. Bxh7 Rxb2 34. Rb1 Ra2 35. f3 Rxa3 36. Rxb6 Rc3 37. Kf2 Rxc4 38. Rb7 Ke7 
39. Ra7 Kd6 40. Ra6+ Ke7 41. Ra7 Rd4 42. Be4 Ra4 43. Rxa4 Bxa4 44. h4 Bd7 
45. g3 Kd6 46. Ke3 c4 47. g4 Kc5 48. Bg6 c3 49. g5 e4 50. Bxe4 Be8 51. Kd3 Kb4 
52. g6 Bb5+ 53. Kc2 e5 54. h5 Ba4+ 55. Kd3 Bb5+ 56. Kc2 Bc4 57. Kd1 Kb3 
58. Kc1 Kb4 59. Kb1 Be6 60. Kc1 Kb3 61. Kb1 Bg8 62. Bc2+ Kc4 63. Bf5 Bd5 
64. Be4 Be6 65. Kc2 Kd4 66. Bb7 Bd7 67. Be4 Be6 68. Kc1 Bc4 69. Kc2 Bb5 
70. Bf5 Ba4+ 71. Kc1 Bb5 72. h6 gxh6 73. Be6 Bd3 74. g7 Bh7 75. g8=Q Bxg8 
76. Bxg8 Kc5 77. Bf7 e4 78. f4 Kd4 79. f5 e3 80. Kd1 Ke5 81. Bg6 e2+ 82. Kxe2 
1/2-1/2

[Event "Tuesday 10 April, Rapid Engine Tour 13+2 Rounds 7, starts 16.00 ST"]
[Site "Infinity Chess"]
[Date "2018.4.10"]
[Round "1"]
[White "Marsell"]
[Black "Time_bandit"]
[Result "1/2-1/2"]
[ECO "C55"]
[WhiteElo "2464"]
[BlackElo "2443"]
[WhiteEngine "BrainFish_180408_x64_bmi2"]
[BlackEngine "asmFishW_2018-02-02_popcnt"]
[EventType "Swiss"]
[WhiteTeam ""]
[BlackTeam ""]
[PlyCount "115"]
[TimeControl "780+2"]

1. e4 e5 2. Nf3 Nc6 3. Bc4 Nf6 4. d3 Bc5 5. c3 d6 6. O-O a5 7. Bg5 Ba7 
8. Nbd2 h6 9. Bh4 Qe7 10. Bb5 g5 11. Bg3 O-O 12. Nc4 Nh5 13. Bxc6 bxc6 
14. Nxa5 Nxg3 15. hxg3 Bd7 16. Qd2 f6 17. Nc4 h5 18. Ne3 Qh7 19. a4 h4 
20. g4 Bxe3 21. Qxe3 Bxg4 22. a5 Kf7 23. d4 Ke8 24. Nd2 Be6 25. f3 Rg8 
26. c4 exd4 27. Qxd4 g4 28. f4 f5 29. exf5 Qxf5 30. b4 c5 31. bxc5 Qxc5 
32. Qxc5 dxc5 33. Rfb1 Rf8 34. a6 Rxf4 35. a7 Ke7 36. Rb8 Rf8 37. Rb7 Rfd8 
38. Ne4 Bxc4 39. Nxc5 Bd5 40. Rxc7+ Kd6 41. Na6 Rdc8 42. Rg7 Rc2 43. Rg6+ Ke7 
44. Rxg4 Rxa7 45. Re1+ Kf6 46. Rf1+ Ke6 47. Rg5 Rxa6 48. Re1+ Kf7 49. Rxd5 Rf6 
50. Kh2 Ra6 51. Rf1+ Kg7 52. Kh3 Rg6 53. Rf4 Rgxg2 54. Rd7+ Kh6 55. Rxh4+ Kg6 
56. Rd6+ Kf7 57. Rf4+ Kg7 58. Rh4 1/2-1/2

[Event "Tuesday 10 April, Rapid Engine Tour 13+2 Rounds 7, starts 16.00 ST"]
[Site "Infinity Chess"]
[Date "2018.4.10"]
[Round "1"]
[White "hafaba"]
[Black "MCDermont"]
[Result "1/2-1/2"]
[ECO "C55"]
[WhiteElo "2448"]
[BlackElo "2472"]
[WhiteEngine "Eman 1.70-beta18 64-bit POPCNT_CTG"]
[BlackEngine "BrainFish 090218"]
[EventType "Swiss"]
[WhiteTeam ""]
[BlackTeam ""]
[PlyCount "199"]
[TimeControl "780+2"]

1. e4 e5 2. Nf3 Nc6 3. Bc4 Nf6 4. d3 Bc5 5. c3 d6 6. O-O O-O 7. h3 a5 
8. Nbd2 Be6 9. Bb5 h6 10. Re1 Qb8 11. Nf1 Qa7 12. Re2 a4 13. Ng3 Qa5 
14. Bxc6 bxc6 15. Nh4 Rfe8 16. Re1 d5 17. exd5 cxd5 18. Rxe5 Bf8 19. Qc2 c5 
20. Bd2 Nd7 21. Re2 c4 22. d4 a3 23. bxa3 Qa4 24. Qc1 Qxa3 25. Qe1 Nf6 
26. Nf3 Ra6 27. Bc1 Qe7 28. Bf4 Rea8 29. Ne5 Nd7 30. Bc1 Nf6 31. f4 Qc7 
32. f5 Bd7 33. Qf2 Bc8 34. Bf4 Qa5 35. Rc1 Ne4 36. Nxe4 dxe4 37. g4 Qd5 
38. Rcc2 Rb6 39. Qf1 Ra4 40. Rg2 Bd6 41. Be3 Rb7 42. Rge2 Rb5 43. Kg2 Bc7 
44. Rc1 Rba5 45. Rcc2 Rb5 46. Rc1 Rba5 47. Qf2 Ra3 48. Rb2 Bd6 49. Rcc2 Rb5 
50. Rxb5 Qxb5 51. Qe2 Ba6 52. Qd2 Bc8 53. Qe2 Ba6 54. Qf2 Bc8 55. Qd2 Qd5 
56. Qe2 Ra4 57. Qe1 Kh7 58. Qf1 Bc7 59. Qb1 Ra6 60. Re2 Rb6 61. Qc1 Ra6 
62. Qb1 Bd6 63. Qc2 Bc7 64. Bf4 Bb7 65. Kg3 Kg8 66. Qb2 e3 67. Rxe3 Rb6 
68. Qf2 Rb1 69. a4 Ra1 70. Ng6 fxg6 71. Bxc7 g5 72. f6 gxf6 73. Re8+ Kf7 
74. Rd8 Qe4 75. Rd7+ Kg6 76. Qf5+ Qxf5 77. gxf5+ Kxf5 78. Bd8 Rg1+ 79. Kf2 Rg2+ 
80. Ke1 Bf3 81. Rf7 Ke4 82. d5 Re2+ 83. Kf1 Rd2 84. Rxf6 Rxd5 85. Bb6 Rd1+ 
86. Kf2 Rd2+ 87. Kg1 Rg2+ 88. Kf1 Rc2 89. Bd4 Bg2+ 90. Kg1 h5 91. h4 gxh4 
92. Rf2 Rxf2 93. Kxf2 Bh3 94. Bf6 Kd3 95. a5 Bc8 96. Bxh4 Kxc3 97. Kg3 Kd4 
98. Bd8 Kd5 99. a6 h4+ 100. Bxh4 1/2-1/2

[Event "Tuesday 10 April, Rapid Engine Tour 13+2 Rounds 7, starts 16.00 ST"]
[Site "Infinity Chess"]
[Date "2018.4.10"]
[Round "1"]
[White "CrapCleaner"]
[Black "Longin"]
[Result "1-0"]
[ECO "C55"]
[WhiteElo "2476"]
[BlackElo "2452"]
[WhiteEngine "Raubfisch X38a._CTG"]
[BlackEngine "BrainFish_180404_x64_modern_CTG"]
[EventType "Swiss"]
[WhiteTeam ""]
[BlackTeam ""]
[PlyCount "98"]
[TimeControl "780+2"]

1. e4 e5 2. Nf3 Nc6 3. Bc4 Nf6 4. d3 Bc5 5. c3 d6 6. O-O h6 7. b4 Bb6 8. a4 a5 
9. b5 Ne7 10. Be3 Bxe3 11. fxe3 O-O 12. Bb3 Ng6 13. c4 Re8 14. Nc3 Rf8 15. h3 c6 
16. Nd2 Be6 17. Rb1 Nd7 18. Qe1 Rc8 19. Qg3 Nc5 20. Bc2 Nd7 21. Rbd1 Nf6 
22. Bb3 Qe7 23. Qe1 Nd7 24. Kh2 Qg5 25. Nf3 Qd8 26. Nd2 Re8 27. Qf2 Qe7 
28. d4 Nf6 29. d5 Bg4 30. Ra1 Bd7 31. Qe2 Rc7 32. b6 Rcc8 33. c5 dxc5 
34. Nc4 Ra8 35. Rad1 Rec8 36. dxc6 Rxc6 37. Nd5 Nxd5 38. exd5 Rd6 39. Qf3 f5 
40. e4 f4 41. Qc3 Kh7 42. Rd2 Qf8 43. Bc2 Qf6 44. Rc1 Qe7 45. Nxd6 Qxd6 
46. Bd3 Qf6 47. Bb5 Nf8 48. Bf1 Ng6 49. Qa3 Qh4 1-0

[Event "Tuesday 10 April, Rapid Engine Tour 13+2 Rounds 7, starts 16.00 ST"]
[Site "Infinity Chess"]
[Date "2018.4.10"]
[Round "1"]
[White "RonWeasley"]
[Black "Katzenmaier"]
[Result "1/2-1/2"]
[ECO "A80"]
[WhiteElo "2456"]
[BlackElo "2488"]
[WhiteEngine "BrainFish 090218_CTG"]
[BlackEngine "Raubfisch X36b"]
[EventType "Swiss"]
[WhiteTeam ""]
[BlackTeam ""]
[PlyCount "171"]
[TimeControl "780+2"]

1. d4 f5 2. Bf4 Nf6 3. a3 d6 4. e3 g6 5. Nc3 e6 6. h4 h6 7. Bg3 Nc6 8. Nh3 Nh5 
9. Qd2 Qf6 10. O-O-O Nxg3 11. fxg3 d5 12. h5 Bd7 13. hxg6 Qxg6 14. g4 O-O-O 
15. gxf5 Qxf5 16. Nf4 Kb8 17. Kb1 Bg7 18. Bb5 a6 19. Ba4 Qg4 20. Nd3 Be8 
21. Rh3 Rg8 22. Qe1 Qg5 23. Rg3 Qe7 24. Nf4 Qf7 25. Qe2 Bf6 26. Rf3 Qe7 
27. Rh1 Bg5 28. Nd3 Qd6 29. Bxc6 Qxc6 30. Qf2 Ka7 31. Qd2 Qb6 32. Rg3 Rg7 
33. Ka1 Rb8 34. Ne5 Qd6 35. Ne2 Bg6 36. Rf3 Rc8 37. Nxg6 Rxg6 38. Nf4 Bxf4 
39. exf4 Rcg8 40. Rf2 Qf8 41. Ka2 Rg4 42. Rh5 R8g6 43. Re5 b6 44. c3 Qd6 
45. Qe3 Qc6 46. Qe2 Kb7 47. Kb1 a5 48. Kc2 Qa4+ 49. Kb1 Qd7 50. Ka2 a4 
51. Ka1 Qf7 52. Qc2 Rf6 53. f5 Qd7 54. fxe6 Rxe6 55. Qf5 Re4 56. Rxe4 dxe4 
57. Re2 Qe7 58. Re3 Qe8 59. c4 Qg6 60. Qxg6 Rxg6 61. Rxe4 Rxg2 62. Rh4 h5 
63. Rxh5 Rg4 64. c5 Rxd4 65. cxb6 Kxb6 66. Ka2 c6 67. Rh6 Kb5 68. Rh5+ Rd5 
69. Rh4 c5 70. Rh3 Re5 71. b3 Re2+ 72. Kb1 axb3 73. Rxb3+ Ka4 74. Rf3 Re1+ 
75. Kb2 Kb5 76. Rf8 Re2+ 77. Kc3 Re4 78. a4+ Rxa4 79. Rb8+ Kc6 80. Rc8+ Kd6 
81. Rd8+ Kc7 82. Rh8 c4 83. Rh7+ Kb6 84. Rh6+ Ka5 85. Rh1 Ra3+ 86. Kxc4 1/2-1/2